 Dungeon Crawl Stone Soup version 0.23.0-3-gf3c87f2 (webtiles) character file.

Game seed: 3729480459620895322

1493 Lanoc the Slasher (level 9, -1/68 HPs)
             Began as a Formicid Fighter on Feb 23, 2019.
             Was a Priest of Qazlal.
             Slain by a sky beast (6 damage)
             ... on level 6 of the Dungeon.
             The game lasted 00:10:34 (4073 turns).

Lanoc the Slasher (Formicid Fighter)                Turns: 4073, Time: 00:10:34

Health: -1/68      AC:  0    Str: 31    XL:     9   Next: 8%
Magic:  11/11      EV: 11    Int:  9    God:    Qazlal [***...]
Gold:   391        SH:  0    Dex: 13    Spells: 8/8 levels left

rFire    . . .     SeeInvis +   a - +0 long sword
rCold    . . .     Gourm    .   c - +0 shield
rNeg     . . .     Faith    .   b - +0 scale mail
rPois    +         Spirit   .   (helmet unavailable)
rElec    .         Reflect  .   (no cloak)
rCorr    .         Harm     .   (no gloves)
MR       .....                  (no boots)
Stlth    ..........             (no amulet)
HPRegen  0.21/turn              g - ring of poison resistance
MPRegen  0.12/turn              e - +6 ring of strength

@: confused, mighty, corroded
A: permanent stasis, dig shafts and tunnels, four strong arms, antennae 3
a: Dig, Shaft Self, Upheaval, Elemental Force, Renounce Religion


You were on level 6 of the Dungeon.
You worshipped Qazlal.
Qazlal was most pleased with you.
You were hungry.

You visited 2 branches of the dungeon, and saw 7 of its levels.

You collected 391 gold pieces.

Inventory:

Hand Weapons
 a - a +0 long sword (weapon)
Missiles
 h - 28 sling bullets
Armour
 b - a +0 scale mail (worn)
 c - a +0 shield (worn)
 k - a +2 large shield
Jewellery
 e - a +6 ring of strength (right hand)
 g - a ring of poison resistance (left hand)
Scrolls
 i - a scroll of identify
 l - 3 scrolls of fear {unknown}
 n - a scroll of magic mapping
 p - a scroll of fog
 r - a scroll of enchant weapon
 s - a scroll of amnesia
Potions
 d - a potion of might
 o - a potion of ambrosia
Comestibles
 f - 11 rations
 m - 9 chunks of flesh


   Skills:
 + Level 5.6 Fighting
 * Level 6.3 Long Blades
 + Level 5.7 Armour
 + Level 3.4 Dodging
 + Level 6.1 Shields
 + Level 2.7 Invocations


You had 8 spell levels left.
You didn't know any spells.
Your spell library was empty.

Dungeon Overview and Level Annotations

Branches:
Dungeon (6/15)             Temple (1/1) D:4

Altars:
Fedhas
Kikubaaqudgha
Okawaru
Qazlal
Trog
Uskayaw
Xom


Innate Abilities, Weirdness & Mutations

You cannot be hasted, slowed, berserked, paralysed or teleported.
You can dig through walls and to a lower floor.
Your four strong arms can wield two-handed weapons with a shield.
You have a pair of large antennae on your head. (SInv)


Message History

The sky beast flickers out of sight for a moment.
The sky beast completely misses you.
You bump into the rock wall.
The sky beast completely misses you. The sky beast hits you.
* * * LOW HITPOINT WARNING * * *
The sky beast shocks you.
* * * LOW HITPOINT WARNING * * *
You hit the sky beast but do no damage. The sky beast hits you.
* * * LOW HITPOINT WARNING * * *
The sky beast shocks you.
* * * LOW HITPOINT WARNING * * *
The sky beast flickers out of sight for a moment.
The sky beast hits you.
* * * LOW HITPOINT WARNING * * *
The sky beast shocks you.
* * * LOW HITPOINT WARNING * * *
You bump into the rock wall.
The sky beast hits you.
* * * LOW HITPOINT WARNING * * *
The sky beast shocks you.
You die...

## .# .#
.##########
..........#
.########.# #. .##
#.# ##... ..##
#.########......
...#
##......Y@.......
#..#
#.........☼......
#..#
##.#####..○######.
.#.# #............#
#..#
#..#####...#...
#.## #..#
.......... .##
###..##.###.##.##..
## #............ ..
# # #)#..##..##.# .


You could see a sky beast.

Vanquished Creatures
  A necrophage (D:6)
  An ogre (D:4)
  3 centaurs
  A bullfrog (D:6)
  3 scorpions
  3 wights (D:6)
  4 howler monkeys
  2 crimson imps
  A jelly (D:6)
  A bullfrog skeleton (D:4)
  A centaur skeleton (D:6)
  3 iguanas
  3 orc wizards
  2 worker ants
  A hound zombie (D:5)
  A hound skeleton (D:6)
  8 gnolls
  5 adders
  An ooze (D:2)
  An adder skeleton (D:4)
  A dart slug (D:1)
  5 leopard geckos
  17 orcs
  5 giant cockroaches
  2 goblins
  10 hobgoblins
  3 jackals (D:4)
  3 quokkas
  A ball python (D:1)
  4 bats
  6 frilled lizards
  A giant cockroach zombie (D:6)
  7 kobolds
  3 rats
114 creatures vanquished.

Vanquished Creatures (others)
  5 toadstools (D:1)
5 creatures vanquished.

Grand Total: 119 creatures vanquished

Notes
Turn   | Place    | Note
-------+----------+-------------------------------------------
     0 | D:1      | Lanoc the Formicid Fighter began the quest for the Orb.
     0 | D:1      | Reached XP level 1. HP: 18/18 MP: 1/1
   129 | D:1      | Reached XP level 2. HP: 17/24 MP: 2/2
   246 | D:1      | You fall through a shaft!
   246 | D:2      | Found a stormy altar of Qazlal.
   256 | D:2      | Became a worshipper of Qazlal Stormbringer
   426 | D:2      | Reached XP level 3. HP: 26/29 MP: 3/3
   740 | D:2      | Reached XP level 4. HP: 36/36 MP: 4/4
   748 | D:2      | Reached skill level 1 in Dodging
   956 | D:3      | Reached XP level 5. HP: 42/42 MP: 5/5
  1253 | D:3      | Reached * piety under Qazlal
  1700 | D:3      | Reached XP level 6. HP: 11/48 MP: 6/6
  2066 | D:4      | Noticed an ogre
  2197 | D:4      | Found a bloodstained altar of Trog.
  2222 | D:4      | Reached XP level 7. HP: 49/55 MP: 7/7
  2297 | D:4      | Reached skill level 5 in Shields
  2477 | D:4      | Found a staircase to the Ecumenical Temple.
  2482 | Temple   | Entered the Ecumenical Temple
  2627 | D:4      | Found an ancient bone altar of Kikubaaqudgha.
  2627 | D:4      | Found a shimmering altar of Xom.
  2676 | D:4      | Reached ** piety under Qazlal
  2751 | D:4      | Reached skill level 5 in Long Blades
  2869 | D:5      | Entered Level 5 of the Dungeon
  2889 | D:5      | Reached skill level 5 in Armour
  2889 | D:5      | Reached XP level 8. HP: 51/61 MP: 8/8
  2937 | D:5      | Reached skill level 5 in Fighting
  3024 | D:5      | Found a hide-covered altar of Uskayaw.
  3024 | D:5      | Noticed a +0 dagger
  3024 | D:5      | Noticed a +0 hand axe
  3251 | D:5      | Reached skill level 1 in Invocations
  3709 | D:6      | Found an iron altar of Okawaru.
  3786 | D:6      | Reached *** piety under Qazlal
  3833 | D:6      | Found a blossoming altar of Fedhas.
  3999 | D:6      | Reached XP level 9. HP: 65/68 MP: 10/10
  4073 | D:6      | Slain by a sky beast

Skill      XL: |  1  2  3  4  5  6  7  8 |
---------------+-------------------------+-----
Shields        | 4 5 6 |  6.1
Long Blades    | 3 4 5 6 |  6.3
Dodging        | 1 2 3 |  3.4
Armour         | 4 5 |  5.7
Fighting       | 4 5 |  5.6
Invocations    | 2 |  2.7

Action                   |  1- 3 |  4- 6 |  7- 9 || total
-------------------------+-------+-------+-------++-------
Melee: Long sword        |    98 |   161 |   279 ||   538
  Use: Scroll            |       |       |    10 ||    10
       Potion            |       |       |     5 ||     5
  Eat: Chunk             |       |     5 |     6 ||    11
Armor: Scale mail        |    45 |    69 |    50 ||   164
Dodge: Dodged            |    27 |    76 |    76 ||   179
Block: Shield            |    53 |   131 |   181 ||   365
       Rpst.: Long sword |     9 |    27 |    25 ||    61
